AoeStats
← Oldspice

Lombardia

509748562Analyzed
2v2 RM · 4d ago on Sep 27, 2026· 25m 0s· 4 players
Game mode
Random Map
Map size
Medium (4 player)
Population
200
Speed
Normal
Resources
Standard
Victory
Conquest
Starting age
Dark Age
Ending age
Imperial Age
RankedLock teamsTeams togetherTeam positionsShared explorationLock speedFull tech treeHidden civsTurbo modeCheats
Victory
Defeat
🇺🇸 Gurjaras · United States
1594
+12
🇺🇸 Saracens · United States
1579
+13
🇺🇸 Hindustanis · United States
1573
-15
🇺🇸 Jurchens · United States
1446
-10
GreatPerson25
5:05 Loom
8:53 Feudal Age
10:39 Double-Bit Axe
16:50 Horse Collar
18:06 Bloodlines
18:27 Scale Barding Armor
21:56 Castle Age
Oldspice
9:13 Feudal Age
10:18 Double-Bit Axe
11:03 Horse Collar
13:04 Loom
20:49 Castle Age
19:44 Scale Barding Armor
23:32 Bloodlines
23:30 Scale Barding Armor
[SP4RT] roboticoperatingbuddyste
5:35 Loom
8:18 Feudal Age
12:40 Fletching
13:53 Double-Bit Axe
22:35 Castle Age
21:53 Padded Archer Armor
21:56 Gold Mining
22:37 Crossbowman
23:19 Bodkin Arrow
Barchy111
6:13 Loom
8:51 Feudal Age
9:59 Town Watch
12:11 Wheelbarrow
20:20 Bloodlines
23:58 Castle Age
22:54 Forging
23:08 Horse Collar
23:41 Scale Barding Armor
Connection lost

Rejoining the realm…

Still unreachable

The connection could not be restored.

Session expired

The server has moved on; the page needs a fresh start.